 Dungeon Crawl Stone Soup version 0.22-a0-305-gd21a89c (webtiles) character file.

2 galech the Magician (level 1, 0/11 HPs)
             Began as an Octopode Wizard on Mar 30, 2018.
             Slain by a jackal (1 damage)
             ... on level 1 of the Dungeon.
             The game lasted 00:00:46 (62 turns).

galech the Magician (Octopode Wizard)                 Turns: 62, Time: 00:00:46

Health: 0/11       AC:  1    Str:  6    XL:     1   Next: 40%
Magic:  2/4        EV: 13    Int: 20    God:
Gold:   11         SH:  0    Dex: 10    Spells: 5/6 levels left

rFire    . . .     SeeInvis .   (no weapon)
rCold    . . .     Gourm    .   (no shield)
rNeg     . . .     Faith    .   a - +0 hat
rPois    .         Spirit   .   (no amulet)
rElec    .         Reflect  .   (no ring)
rCorr    .         Harm     .   (no ring)
MR       .....                  (no ring)
Stlth    ++++......             (no ring)
HPRegen  0.03/turn              (no ring)
MPRegen  0.09/turn              (no ring)
                                (no ring)
                                (no ring)

@: no status effects
A: almost no armour, stealthy swim, amphibious, 8 rings, constrict 8, camouflage
1, gelatinous body 1
a: no special abilities


You were on level 1 of the Dungeon.
You were not hungry.

You visited 1 branch of the dungeon, and saw 1 of its levels.

You collected 11 gold pieces.

Inventory:

Armour
 a - a +0 hat (worn)
Scrolls
 b - 2 scrolls of blinking {unknown}
 d - a scroll of enchant weapon {unknown}
Potions
 e - a potion of heal wounds {unknown}
 g - a potion of might {unknown}
Comestibles
 c - a ration
 f - 3 chunks of flesh


   Skills:
 + Level 2.0 Dodging
 + Level 2.6 Stealth
 + Level 3.1 Spellcasting
 + Level 1.0 Conjurations
   Level 1.0 Summonings
   Level 1.0 Translocations


You had 5 spell levels left.
You knew the following spells:

 Your Spells              Type           Power        Failure   Level  Hunger
a - Magic Dart            Conj           #...         10%         1    None


Dungeon Overview and Level Annotations

Branches:
Dungeon (1/15)

Altars:


Innate Abilities, Weirdness & Mutations

You cannot wear most types of armour.
You are very stealthy in the water. (Stealth+)
You are amphibious.
You can wear up to eight rings at the same time.
You can use your tentacles to constrict eight enemies at once.
Your skin changes colour to match your surroundings (Stealth+).
Your rubbery body absorbs attacks. (AC +1, EV +1)


Message History

Firing (i - inventory) No suitable missiles.
Press: ? - help, Shift-Dir - straight line, f/p - dart slug
Aim: a dart slug
Okay, then.
Firing (i - inventory) No suitable missiles.
Press: ? - help, Shift-Dir - straight line, f/p - dart slug
Aim: a dart slug
Okay, then.
Firing (i - inventory) No suitable missiles.
Press: ? - help, Shift-Dir - straight line, f/p - dart slug
Aim: a dart slug
Okay, then.
The dart slug bites you.
* * * LOW HITPOINT WARNING * * *
The jackal barks! x2
You tentacle-slap the dart slug but do no damage.
Your grab misses the dart slug.
You tentacle-slap the dart slug but do no damage.
Your grab misses the dart slug. The jackal bites you.
You die...

.#. .. ##.. .##g
##..###### .....
#........##≈§§#+.#
#)÷....#.....#§#
#.....(≈.....≈§#
#......≈..⌠..≈§
####...h..#.§.§.#
..###≈≈@###≈≈§###
#.#..w..#......#
#.≈..⌠..≈......#
#h≈..<..≈......# .
#...#.....#......### ...
#...+#≈≈≈##........#...##
#.#.......######........#
#.#######.# #.........#.#
#.# #.######.##


You could see a dart slug and 2 jackals.

Vanquished Creatures
  A hobgoblin (D:1)
  2 rats (D:1)
3 creatures vanquished.

Notes
Turn   | Place    | Note
-------+----------+-------------------------------------------
     0 | D:1      | galech the Octopode Wizard began the quest for the Orb.
     0 | D:1      | Reached XP level 1. HP: 11/11 MP: 4/4
    62 | D:1      | Slain by a jackal

Vault maps used:
D:1:      dpeg_arrival_rooms_with_view

Action                   || total
-------------------------++-------
Melee: Unarmed           ||     7
       Constrict         ||     2
       Tentacles         ||     1
 Cast: Magic Dart        ||     4
 Stab: Sleeping          ||     1
Dodge: Dodged            ||     3

Table legend:
 A = Spawn XP
 B = Non-spawn XP
 C = Spawn XP percentage of total XP
 D = Spawn monster count
 E = Non-spawn monster count
 F = Spawn count percentage of total count
 G = Total turns spent on level
                    A         B        C        D         E        F      G
               +---------+---------+-------+---------+---------+-------+---------
         Total |       0 |       4 |   0.0 |       0 |       3 |   0.0 |    62
               +---------+---------+-------+---------+---------+-------+---------
           D:1 |       0 |       4 |   0.0 |       0 |       3 |   0.0 |    62
               +---------+---------+-------+---------+---------+-------+---------
